 Dungeon Crawl Stone Soup version 0.27.1-4-g1640c2035a (webtiles) character file.

Game seed: 11577409334654394462

436 tmanko the Skirmisher (level 7, 0/47 HPs)
             Began as a Gargoyle Fighter on Nov 7, 2021.
             Slain by a wight (8 damage)
             ... on level 3 of the Dungeon.
             The game lasted 00:10:33 (4351 turns).

tmanko the Skirmisher (Gargoyle Fighter)            Turns: 4351, Time: 00:10:33

Health: 0/47       AC: 11    Str: 27    XL:     7   Next: 1%
Magic:  7/7        EV:  7    Int:  9    God:
Gold:   85         SH:  9    Dex:  9    Spells: 6/6 levels left

rFire    . . .     SeeInvis .   a - +0 flail
rCold    . . .     Faith    .   c - +0 kite shield
rNeg     + . .     Spirit   .   b - +0 scale mail
rPois    ∞         Reflect  .   (no helmet)
rElec    +         Harm     .   (no cloak)
rCorr    .         Rampage  .   (no gloves)
Will     .....                  (no boots)
Stlth    ..........             (no amulet)
HPRegen  0.15/turn              r - +6 ring of strength
MPRegen  0.10/turn              (no ring)

@: no status effects
A: sickness immunity, AC +4, negative energy resistance 1, electricity
resistance, torment resistance 1, petrification resistance
a: no special abilities


You were on level 3 of the Dungeon.
You visited 1 branch of the dungeon, and saw 4 of its levels.

You collected 85 gold pieces.

Inventory:

Hand Weapons
 a - a +0 flail (weapon)
 i - a +1 dagger of venom
Missiles
 j - 2 atropa-tipped darts
 n - 4 boomerangs (quivered)
Armour
 b - a +0 scale mail (worn)
 c - a +0 kite shield (worn)
Jewellery
 r - a +6 ring of strength (left hand)
Wands
 q - a wand of iceblast (7)
Scrolls
 l - a scroll of teleportation
Potions
 f - a potion of berserk rage {unknown}
 g - a potion of resistance {unknown}
 h - 3 potions of flight
 k - a potion of haste {unknown}
 m - a potion of lignification {unknown}
 p - 3 potions of curing {unknown}
 u - 2 potions of brilliance {unknown}


   Skills:
 + Level 6.3 Fighting
 + Level 5.3 Maces & Flails
 - Level 3.2 Armour
 - Level 3.2 Shields


You had 6 spell levels left.
You didn't know any spells.
Your spell library contained the following spells:

 Spells                   Type           Power      Damage    Failure   Level
 Ignite Poison            Fire/Tmut/Pois 0%         N/A       100%        3
 Mephitic Cloud           Conj/Pois/Air  0%         N/A       100%        3
 Bolt of Magma            Conj/Fire/Erth 0%         4d4       100%        5


Dungeon Overview and Level Annotations

Branches:
Dungeon (4/15)
 Temple: D:4-7

Altars:

Shops:
D:1 ?

Annotations:
D:2 1 runed translucent door, exclusion: door, Crazy Yiuf


Innate Abilities, Weirdness & Mutations

You are immune to sickness and miasma.
Your stone body is resilient. (AC +4)
You are immune to poison.
You resist negative energy. (rN+)
You are resistant to electric shocks. (rElec)
You are resistant to unholy torment.
You are immune to petrification.


Message History

You block the wight's attack.
Okay, then.
Okay, then.
You see here a +0 dagger.
Things that are here:
a +0 scale mail; a +0 club; an orc skeleton
Items here: ))) [[[ †.
There is a stone staircase leading up here.
You block the wight's attack.
You climb upwards.
There is a stone staircase leading down here.
There is a stone staircase leading up here.
You see here a +0 club.
You see here a +0 club.
There is a stone staircase leading up here.
You see here a +0 club.
You closely miss the wight.
The wight is lightly damaged.
You block the wight's attack.
You closely miss the wight.
The wight is lightly damaged.
The wight hits you with a +2 battleaxe.
* * * LOW HITPOINT WARNING * * *
You barely miss the wight.
The wight is lightly damaged.
You block the wight's attack. x2
You sock the wight!
The wight is almost destroyed.
The wight hits you with a +2 battleaxe!
* * * LOW HITPOINT WARNING * * *
You completely miss the wight.
The wight is almost destroyed.
The wight barely misses you.
You barely miss the wight.
The wight is almost destroyed.
The wight hits you but does no damage. The wight closely misses you.
You completely miss the wight.
The wight is almost destroyed.
The wight hits you with a +2 battleaxe!
You die...

..####
#####................ .##
#####............ .#
###############...######...
## #................## ##..
########.#.....#####...#
### ...........######
#....#
....##..........###....#
###.##..........##.....#
.............<..@z.....##
####.#..........##......# #
#.######.#####.......# #.#
##.###.........# #.#
#..##..##..###.# #.##
##.....###.>###†# ###
####..###....####....##.#
#.. #...#.#......#
#....##.# #..
#..........### ##....##.##
#..


You could see a wight.

Vanquished Creatures
  Purgy (D:4)
  2 wights
  2 orc priests (D:4)
  2 iguanas (D:4)
  4 gnolls
  4 adders
  An adder skeleton (D:2)
  3 worms
  4 dart slugs
  5 orcs (D:4)
  6 bats
  5 endoplasms
  3 giant cockroaches
  A hobgoblin (D:1)
  3 jackals (D:1)
  6 kobolds
  A quokka (D:1)
  3 ball pythons
  2 frilled lizards
  4 goblins
  4 rats
66 creatures vanquished.

Notes
Turn   | Place    | Note
-------+----------+-------------------------------------------
     0 | D:1      | tmanko the Gargoyle Fighter began the quest for the Orb.
     0 | D:1      | Reached XP level 1. HP: 14/14 MP: 1/1
    53 | D:1      | Found Xoynid's Magic Scroll Shoppe.
   361 | D:1      | Reached XP level 2. HP: 19/19 MP: 2/2
  1120 | D:1      | Reached XP level 3. HP: 19/24 MP: 3/3
  1218 | D:1      | Reached skill level 4 in Fighting
  1790 | D:2      | Reached XP level 4. HP: 30/30 MP: 4/4
  1877 | D:2      | Found a runed translucent door.
  1878 | D:2      | Noticed Crazy Yiuf
  2681 | D:3      | Reached XP level 5. HP: 20/34 MP: 5/5
  3114 | D:3      | Reached skill level 5 in Fighting
  3284 | D:4      | Noticed Purgy
  3292 | D:4      | Killed Purgy
  3293 | D:4      | Reached XP level 6. HP: 38/40 MP: 6/6
  3382 | D:4      | Identified the +1 ring mail "Timpaec" {Dex+3}
  3696 | D:4      | HP: 1/41 [orc priest (4)]
  3700 | D:4      | Reached skill level 6 in Fighting
  3700 | D:4      | Reached skill level 5 in Maces & Flails
  3755 | D:4      | HP: 1/41 [wight (8)]
  4223 | D:4      | Reached XP level 7. HP: 47/47 MP: 7/7
  4351 | D:3      | Slain by a wight

Illustrated notes

Levels and vault maps discovered:
D:1:      matt_arrival_los_fun, layout_loops_corners, serial_shops, shop,
          hangedman_glass_teeth, minmay_octomino_j4
D:2:      layout_basic, uniq_crazy_yiuf_cottage
D:3:      layout_rooms
D:4:      layout_basic, uniq_purgy

Skill      XL: |  1  2  3  4  5  6 |
---------------+-------------------+-----
Fighting       | 4 5 6 |  6.3
Maces & Flails | 3 4 5 |  5.3
Armour         | |  3.2
Shields        | |  3.2

Action                   |  1- 3 |  4- 6 |  7- 9 || total
-------------------------+-------+-------+-------++-------
Melee: Flail             |   111 |   144 |    18 ||   273
Throw: Boomerang         |       |    12 |       ||    12
  Use: Scroll            |       |     6 |       ||     6
       Potion            |       |     3 |       ||     3
Armor: Scale mail        |    42 |    82 |     7 ||   131
Dodge: Dodged            |    44 |    45 |     2 ||    91
Block: Kite shield       |    67 |    80 |     8 ||   155
